 Dungeon Crawl Stone Soup version 0.31-a0-174-g85c54bcb58 (webtiles) character file.

Game seed: 6540697651888338944

779 Moral the Firebug (level 7, -4/42 (56) HPs)
             Began as a White Draconian Fire Elementalist on June 16, 2023.
             Was an Initiate of Ashenzari.
             Slain by an ogre
             ... wielding a +0 giant club
              (8 damage)
             ... on level 5 of the Dungeon.
             The game lasted 00:11:57 (5001 turns).

Moral the Firebug (DrFE)                            Turns: 5001, Time: 00:11:57

HP:   -4/42 (56)    AC: -10   Str: 11    XL:     7   Next: 54%
MP:   11/12         EV: 12    Int: 17    God:    Ashenzari [......]
Gold: 210           SH:  0    Dex: 11    Spells: 10/13 levels left

rFire   + . .        q - staff of fire
rCold   + . .        (no shield)
rNeg    . . .        (body armour unavailable)
rPois   .            (helmet restricted)
rElec   .            (no cloak)
rCorr   .            (no gloves)
SInv    .            (no boots)
Will    .....        (no amulet)
Stlth   ++           (no ring)
HPRegen 0.27/turn    (no ring)
MPRegen 0.13/turn

%: no passive effects
@: corroded, very heavily drained
A: breathe frost, AC +6, unfitting armour, cold resistance 1, cold-blooded
a: Breathe Frost, Renounce Religion


You were on level 5 of the Dungeon.
You worshipped Ashenzari.
Ashenzari was noncommittal.
You visited 1 branch of the dungeon, and saw 5 of its levels.

You collected 210 gold pieces.

Inventory:

Hand Weapons
 k - a +2 vampiric dagger
Magical Staves
 q - a staff of fire (weapon)
Scrolls
 d - 2 scrolls of fog {unknown}
 e - 2 scrolls of blinking {unknown}
 g - 2 scrolls of teleportation {unknown}
 h - 3 scrolls of revelation {unknown}
 i - 7 scrolls of identify {unknown}
 m - a scroll of enchant weapon {unknown}
 n - a scroll of vulnerability {unknown}
 r - a scroll of amnesia {unknown}
Potions
 a - 2 potions of magic
 b - 2 potions of enlightenment {unknown}
 c - 5 potions of curing {unknown}
 f - a potion of invisibility {unknown}
 j - a potion of berserk rage {unknown}
 l - a potion of haste {unknown}
 o - a potion of heal wounds {unknown}
 p - a potion of might {unknown}


   Skills:
 + Level 2.3 Fighting
 + Level 2.0 Staves
 + Level 3.3 Dodging
 - Level 2.8 Stealth
 + Level 3.6 Spellcasting
 + Level 3.2 Conjurations
 * Level 4.5 Fire Magic


You had 10 spell levels left.
You knew the following spells:

 Your Spells              Type           Power      Damage    Failure   Level
a - Foxfire               Conj/Fire      96%        2x1d8     3%          1
b - Scorch                Fire           54%        2d7       3%          2

Your spell library contained the following spells:

 Spells                   Type           Power      Damage    Failure   Level
 Inner Flame              Hex/Fire       16%        N/A       19%         3
 Volatile Blastmotes      Fire/Tloc      32%        2d12      19%         3
 Flame Wave               Conj/Fire      24%        2d8       32%         4


Dungeon Overview and Level Annotations

Branches:
Dungeon (5/15)
 Temple: D:4-7

Altars:
Ashenzari
Gozag
Ru
Zin
The Shining One


Innate Abilities, Weirdness & Mutations

You can breathe waves of freezing cold which knock back foes.
Your icy white scales are hard. (AC +6)
You cannot fit into any form of body armour.
Your flesh is cold resistant. (rC+)
You are cold-blooded and may be slowed by cold attacks.


Message History

The foxfire hits the hound.
You kill the hound!
Your foxfire dissipates!
You see here a hound corpse.
Found 14 gold pieces.
Magic restored.
HP restored.
There is a stone staircase leading down here.
You now have 210 gold pieces (gained 14).
Found 3 poisoned darts.
There is an escape hatch in the floor here.
Things that are here:
a +0 short sword; a +0 flail A jelly comes into view.
The jelly quivers.
An ogre comes into view. It is wielding a +0 giant club.
The ogre shouts!
The ogre moves out of view.
Casting: Foxfire (safe; 3% risk of failure)
Confirm with . or Enter, or press ? or * to list all spells.
You feel a surge of power!
You conjure some foxfire!
The jelly hits you. The acid corrodes you!
You are splashed with acid.
You hit the jelly. The acid corrodes you!
Your hands burn!
You tail-slap the jelly.
The jelly is moderately wounded.
The jelly hits you. The acid corrodes you!
You are splashed with acid!
You hit the jelly. The acid corrodes you!
Your hands burn!
The jelly is moderately wounded.
The jelly hits you.
You are splashed with acid.
* * * LOW HITPOINT WARNING * * *
A wraith comes into view.
You barely miss the jelly.
The jelly is moderately wounded.
The ogre closely misses you. The jelly hits you.
* * * LOW HITPOINT WARNING * * *
You are splashed with acid!
* * * LOW HITPOINT WARNING * * *
Your foxfire dissipates!
The ogre attacks as you move away! The ogre hits you with a +0 giant club!
You die...

#.......... .## #.
####.###### .. #.
####....... ..#.
#......#... .#.
#.>....#.#. ..
#......#.#.
#.#######....<.#.#.
#O#....##......#.#.
#.@.....)))....+...
#J#v##.##......#.#.
...#....######....#.
..######..#####..#####
... #.....#..## ..
#.......####### .
#......#.......
#.....)#.######
#.##...#.#


You could see an ogre and a jelly (ally target).

Vanquished Creatures
  An ogre (D:4)
  A bullfrog (D:4)
  3 scorpions
  2 hounds
  2 orc priests (D:5)
  A jelly (D:5)
  An iguana (D:4)
  3 orc wizards (D:5)
  6 adders
  A gnoll (D:2)
  3 river rats (D:4)
  A worm (D:2)
  4 dart slugs
  11 orcs
  7 ball pythons
  8 bats
  5 endoplasms
  5 giant cockroaches
  9 goblins
  5 hobgoblins
  8 jackals
  4 quokkas
  4 frilled lizards
  7 kobolds
  12 rats
114 creatures vanquished.

Vanquished Creatures (others)
  160 foxfires
160 creatures vanquished.

Grand Total: 274 creatures vanquished

Notes
Turn   | Place    | Note
-------+----------+-------------------------------------------
     0 | D:1      | Moral the Draconian Fire Elementalist began the quest for
                  | the Orb.
     0 | D:1      | Reached XP level 1. HP: 14/14 MP: 3/3
   444 | D:1      | Reached XP level 2. HP: 20/20 MP: 1/5
   908 | D:1      | Reached XP level 3. HP: 23/26 MP: 1/6
   911 | D:1      | Learned a level 2 spell: Scorch
  1504 | D:2      | Reached XP level 4. HP: 33/33 MP: 4/7
  2682 | D:3      | Reached skill level 4 in Fire Magic
  3195 | D:3      | Found an opulent altar of Gozag.
  3425 | D:4      | Reached XP level 5. HP: 28/38 MP: 7/9
  3526 | D:4      | Found a glowing silver altar of Zin.
  3570 | D:4      | Found a sacrificial altar of Ru.
  3574 | D:4      | Found a glowing golden altar of the Shining One.
  3576 | D:4      | Found a broken altar of Ashenzari.
  3600 | D:4      | Became a worshipper of Ashenzari the Shackled
  3737 | D:4      | Reached XP level 6. HP: 46/46 MP: 6/10
  3748 | D:4      | Reached skill level 1 in Fighting
  3748 | D:4      | Reached skill level 1 in Staves
  4124 | D:4      | Reached skill level 5 in Fire Magic
  4287 | D:4      | Your scales start taking on an icy white colour.
  4287 | D:4      | Reduced skill Fire Magic to level 4
  4287 | D:4      | Reached XP level 7. HP: 50/52 MP: 5/12
  4287 | D:4      | Gained mutation: Your flesh is cold resistant. (rC+) [White
                  | Draconian growth]
  4403 | D:5      | Entered Level 5 of the Dungeon
  4999 | D:5      | Noticed a wraith
  5001 | D:5      | Slain by an ogre

Illustrated notes

Levels and vault maps discovered:
D:1:      nicolae_arrival_washed_ashore, layout_loops_ring
D:2:      layout_loops_cross, minmay_bisected
D:3:      layout_loops_corners, mainiacjoe_overflow_surrounded_room,
          amethyst_killhole, minmay_crystal_room
D:4:      layout_rooms, minitemple, mainiacjoe_overflow_paths,
          portal_sewer_entry_e
D:5:      layout_basic, old_standard_altar, grunt_tough_drop

Skill      XL: |  1  2  3  4  5  6  7 |
---------------+----------------------+-----
Stealth        | 2 |  2.8
Dodging        | 2 3 |  3.3
Conjurations   | 2 3 |  3.2
Fire Magic     | 4 4 |  4.5
Spellcasting   | 3 |  3.6
Fighting       | 1 2 |  2.3
Staves         | 1 2 |  2.0

Action                     |  1- 3 |  4- 6 |  7- 9 || total
---------------------------+-------+-------+-------++-------
  Melee: Unarmed           |    25 |       |       ||    25
         Tailslap          |    14 |    12 |     3 ||    29
         Short sword       |     8 |       |       ||     8
         Dagger            |    39 |    74 |       ||   113
         Punch             |       |     1 |       ||     1
         Staff             |       |    21 |    31 ||    52
   Cast: Foxfire           |    39 |    45 |    18 ||   102
         Scorch            |    14 |    33 |     9 ||    56
Ability: Breathe Frost     |       |       |     1 ||     1
 Armour: Skin              |    27 |    33 |    28 ||    88
  Dodge: Dodged            |    74 |    82 |    27 ||   183

Table legend: (Time is in decaauts)
 A = Elapsed time spent in this place.
 B = Non-inter-level travel time spent in this place.
 C = Inter-level travel time spent in this place.
 D = Time resting spent in this place.
 E = Time spent auto-exploring this place.
 F = Levels seen in this place.
 G = Mean time per level.
                   A        B        C        D        E       F      G
               +--------+--------+--------+--------+--------+-----+--------+
         Total |   5012 |   5003 |      9 |    688 |   3220 |   5 | 1002.4 |
       Dungeon |   5012 |   5003 |      9 |    688 |   3220 |   5 | 1002.4 |
               +--------+--------+--------+--------+--------+-----+--------+

Top non-repeatable levels by time:
     D:3: 1180 daAuts
     D:1: 1134 daAuts
     D:2: 1070 daAuts
     D:4: 1025 daAuts
     D:5: 601 daAuts
